 Dungeon Crawl Stone Soup version 0.28-b1-25-g9875b3fc8c (webtiles) character file.

Game seed: 3478341864098503147

903 sanka the Cleaver (level 8, -1/66 HPs)
             Began as a Hill Orc Delver on Feb 6, 2022.
             Slain by a hornet (9 damage)
             ... on level 7 of the Dungeon.
             The game lasted 00:06:47 (5797 turns).

sanka the Cleaver (Hill Orc Delver)                 Turns: 5797, Time: 00:06:48

Health: -1/66      AC:  9    Str: 17    XL:     8   Next: 7%
Magic:  8/8        EV: 13    Int: 10    God:
Gold:   180        SH:  0    Dex: 12    Spells: 7/7 levels left

rFire   . . .      SeeInvis .   a - +2 hand axe (elec)
rCold   . . .      Faith    .   (no shield)
rNeg    . . .      Spirit   .   j - +0 scale mail
rPois   .          Reflect  .   y - +0 helmet
rElec   .          Harm     .   u - +0 cloak
rCorr   +          Rampage  .   (no gloves)
Will    .....                   l - +0 pair of boots
Stlth   +.........              (no amulet)
HPRegen 0.21/turn               A - +4 ring of evasion
MPRegen 0.11/turn               B - ring of resist corrosion

@: lethally poisoned (-1 -> -5), slowed, very slow
A: no striking features
a: no special abilities


You were on level 7 of the Dungeon.
You visited 1 branch of the dungeon, and saw 8 of its levels.

You collected 180 gold pieces.

Inventory:

Hand Weapons
 a - a +2 hand axe of electrocution (weapon)
 h - a +0 hand axe
Armour
 b - a +0 leather armour
 j - a +0 scale mail (worn)
 l - a +0 pair of boots (worn)
 u - a +0 cloak (worn)
 y - a +0 helmet (worn)
Jewellery
 A - a +4 ring of evasion (left hand)
 B - a ring of resist corrosion (right hand)
Wands
 g - a wand of digging (3)
Scrolls
 c - a scroll of fog
 d - a scroll of magic mapping
 e - 2 scrolls of fear
 f - 5 scrolls of identify {unknown}
 n - a scroll of torment {unknown}
 o - 2 scrolls of vulnerability {unknown}
 p - a scroll of silence {unknown}
 q - a scroll of amnesia {unknown}
 r - 3 scrolls of holy word {unknown}
 s - 2 scrolls of blinking {unknown}
 t - 3 scrolls of teleportation {unknown}
 v - a scroll of enchant weapon {unknown}
Potions
 i - a potion of lignification {unknown}
 k - 3 potions of curing
 m - 3 potions of invisibility {unknown}
 w - 2 potions of might {unknown}
 x - a potion of mutation {unknown}
 z - a potion of brilliance {unknown}


   Skills:
 - Level 4.0 Fighting
 + Level 11.7 Axes
 - Level 1.5 Dodging
 - Level 4.1 Stealth


You had 7 spell levels left.
You didn't know any spells.
Your spell library contained the following spells:

 Spells                   Type           Power      Damage    Failure   Level
 Animate Skeleton         Necr           0%         N/A       80%         1
 Apportation              Tloc           0%         N/A       80%         1
 Pain                     Necr           0%         1d4       80%         1
 Blink                    Tloc           0%         N/A       91%         2
 Ensorcelled Hibernation  Hex/Ice        0%         N/A       91%         2
 Passwall                 Tmut/Erth      0%         N/A       91%         2
 Dazzling Flash           Conj/Hex       0%         N/A       99%         3
 Lesser Beckoning         Tloc           0%         N/A       99%         3
 Summon Guardian Golem    Hex/Summ       0%         N/A       99%         3
 Swiftness                Air            0%         N/A       99%         3
 Agony                    Necr           0%         N/A       100%        5
 Excruciating Wounds      Necr           0%         N/A       100%        5
 Silence                  Hex/Air        0%         N/A       100%        5
 Orb of Destruction       Conj           0%         9d5       100%        7
 Spellforged Servitor     Conj/Summ      0%         N/A       100%        7


Dungeon Overview and Level Annotations

Branches:
Dungeon (8/15)
 Temple: D:4-7         Lair: D:8-11

Altars:

Annotations:
D:3 Ijyb, Sigmund
D:4 1 runed translucent door, Blork the orc; Rayvis's ghost, amateur MiFi


Message History

The orc misses you. The hornet stings you.
You feel as though you will be slow longer.
It was a potion of curing.
You feel better. The hornet stings you.
You feel as though you will be slow longer.
The orc hits you but does no damage. x2
The orc wizard gestures wildly while chanting.
The orc wizard flickers and vanishes!
Deactivating autopickup; reactivate with Ctrl-A.
The hornet closely misses you. The orc barely misses you. x2
You barely miss the hornet. You barely miss the orc. You closely miss the orc.
The hornet stings you!
You are poisoned.
You feel as though you will be slow longer.
The hornet misses you. The orc closely misses you.
Unknown command.
You hit the hornet but do no damage. You closely miss the orc.
You hit something.
You feel sick.
The hornet stings you but does no damage.
The orc hits you but does no damage.
Unknown command.
You slash the hornet!
The hornet is moderately wounded.
You hit the orc. You miss something.
You feel sick. The hornet stings you.
You feel as though you will be slow longer.
You hear some strange, mumbled words.
A puff of flame appears from out of thin air!
The puff of flame hits you!
* * * LOW HITPOINT WARNING * * *
The hornet stings you.
* * * LOW HITPOINT WARNING * * *
You feel as though you will be slow longer.
The orc hits you but does no damage.
You slash the hornet! Lightning courses through the hornet!
The hornet is severely wounded.
You barely miss something. You closely miss the orc.
You feel sick.
The hornet stings you but does no damage.
Something hits you.
* * * LOW HITPOINT WARNING * * *
The orc misses you. The hornet stings you!
You die...

#+# #^#
###@####
#.oy{..#
+.ooo..+
#......#
#......#
#......#
########


You could see a hornet and 4 orcs.

Vanquished Creatures
  A black bear (D:4)
  A sky beast (D:5)
  A bullfrog (D:8)
  A howler monkey (D:4)
  A bullfrog zombie (D:5)
  A centaur zombie (D:5)
  A hound (D:4)
  A centaur skeleton (D:6)
  2 orc priests (D:5)
  2 bullfrog skeletons (D:5)
  A jelly (D:5)
  An orc wizard (D:5)
  Natasha (thrice) (D:3)
  3 iguanas
  Robin (D:4)
  6 adders
  2 ufetubi
  A worm (D:2)
  5 dart slugs
  13 orcs
  8 bats
  4 endoplasms
  6 giant cockroaches
  5 goblins
  6 hobgoblins
  5 quokkas
  7 ball pythons
  2 frilled lizards (D:2)
  5 kobolds
  4 rats
100 creatures vanquished.

Notes
Turn   | Place    | Note
-------+----------+-------------------------------------------
     0 | D:5      | sanka the Hill Orc Delver began the quest for the Orb.
     0 | D:5      | Reached XP level 1. HP: 19/19 MP: 1/1
    23 | D:5      | Noticed an orc priest
   493 | D:6      | Reached skill level 4 in Axes
   493 | D:6      | Reached XP level 2. HP: 9/27 MP: 2/2
   493 | D:6      | Reached XP level 3. HP: 11/33 MP: 3/3
   716 | D:5      | Reached skill level 5 in Axes
   716 | D:5      | Reached XP level 4. HP: 25/40 MP: 4/4
  1013 | D:4      | Noticed a black bear
  1038 | D:3      | Noticed Ijyb
  1427 | D:2      | Found a faded altar of an unknown god.
  1485 | D:1      | Got Sif Muna's Guide on Evil Orientation
  1713 | D:1      | Reached skill level 6 in Axes
  2567 | D:2      | Reached XP level 5. HP: 46/46 MP: 5/5
  3027 | D:3      | Noticed Natasha
  3030 | D:3      | Killed Natasha
  3031 | D:3      | Reached skill level 7 in Axes
  3187 | D:3      | Noticed Sigmund
  3301 | D:3      | Noticed Natasha
  3312 | D:3      | Killed Natasha
  3741 | D:3      | Reached XP level 6. HP: 42/52 MP: 6/6
  3953 | D:3      | Noticed Natasha
  3961 | D:3      | Killed Natasha
  3962 | D:3      | Reached skill level 8 in Axes
  4122 | D:4      | Found a runed translucent door.
  4122 | D:4      | Noticed Rayvis's ghost (amateur MiFi)
  4409 | D:4      | Noticed Robin
  4419 | D:4      | Killed Robin
  4420 | D:4      | Reached skill level 9 in Axes
  4523 | D:4      | Killed a black bear
  4524 | D:4      | Reached XP level 7. HP: 51/59 MP: 7/7
  4580 | D:4      | Noticed Blork the orc
  4702 | D:5      | Reached skill level 10 in Axes
  5064 | D:5      | Reached skill level 11 in Axes
  5380 | D:5      | Reached XP level 8. HP: 66/66 MP: 8/8
  5630 | D:5      | You fall into a shaft and drop 3 floors!
  5777 | D:8      | Noticed a two-headed ogre
  5783 | D:8      | Noticed a hornet
  5789 | D:7      | Paralysed by a hornet for 2 turns
  5797 | D:7      | Slain by a hornet

Illustrated notes

Levels and vault maps discovered:
D:1:      erik_arrival_blinker_ship, layout_basic, st_stairs_7
D:2:      layout_basic, chequers_ecumenical_altar_island
D:3:      layout_loops_cross, uniq_ijyb, uniq_sigmund, uniq_natasha
D:4:      layout_basic, ebering_ghost_inner_flame, chequers_serial_rivers_marsh,
          minmay_misc_feat_chi, uniq_robin, uniq_edmund, uniq_blork_the_orc
D:5:      layout_basic, hangedman_decor_diamond_cutter
D:6:      layout_rooms, kennysheep_generic_room_10, uniq_duvessa, uniq_maggie,
          uniq_prince_ribbit1
D:7:      layout_basic, minmay_temple_entry_butterflies, minmay_circle_x
D:8:      layout_cave_pools, serial_shops, shop, uniq_erica

Skill      XL: |  1  2  3  4  5  6  7 |
---------------+----------------------+-----
Fighting       | 4 |  4.0
Axes           | 4 5 6 7 9 11 | 11.7
Dodging        | |  1.5
Stealth        | |  4.1

Action                   |  1- 3 |  4- 6 |  7- 9 || total
-------------------------+-------+-------+-------++-------
Melee: Hand axe          |    16 |   200 |    75 ||   291
       Punch             |       |     4 |       ||     4
  Use: Potion            |     1 |       |     1 ||     2
 Stab: Sleeping          |       |     2 |       ||     2
Armor: Leather armour    |     8 |    13 |       ||    21
       Scale mail        |       |    81 |    37 ||   118
Dodge: Dodged            |    13 |    93 |    28 ||   134
